 Dungeon Crawl Stone Soup version 0.19.1-1-g22dce08 (webtiles) character file.

1642 Nakatomy the Destroyer (level 8, -9/41 HPs)
             Began as a Deep Elf Conjurer on Dec 30, 2016.
             Was an Initiate of Vehumet.
             Shot with a sling bullet by Joseph (15 damage)
             ... on level 7 of the Dungeon.
             The game lasted 00:24:48 (8441 turns).

Nakatomy the Destroyer (Deep Elf Conjurer)          Turns: 8441, Time: 00:24:49

Health: -9/41      AC:  5    Str:  5    XL:     8   Next: 67%
Magic:  14/22      EV: 13    Int: 23    God:    Vehumet [......]
Gold:   251        SH:  5    Dex: 15    Spells: 4 memorised, 11 levels left

rFire  . . .     SeeInvis +     f - -3 short sword
rCold  . . .     Gourm    .     t - +1 robe {rN+}
rNeg   + . .     Faith    .     w - +2 buckler
rPois  .         Spirit   .     x - +0 helmet
rElec  .         Reflect  .     q - +0 cloak
rCorr  .         Harm     .     (no gloves)
MR     .....                    (no boots)
Stlth  ++........               (no amulet)
                                (no ring)
                                d - ring of see invisible

@: no status effects
A: no striking features
a: Renounce Religion


You were on level 7 of the Dungeon.
You worshipped Vehumet.
Vehumet was noncommittal.
You were hungry.

You visited 2 branches of the dungeon, and saw 8 of its levels.

You collected 251 gold pieces.

Inventory:

Hand Weapons
 f - a -3 short sword (weapon)
 y - a +2 dagger of venom
Armour
 q - a +0 cloak (worn)
 t - a +1 robe of positive energy (worn)
 w - a +2 buckler (worn)
 x - a +0 helmet (worn)
Jewellery
 d - a ring of see invisible (left hand)
Wands
 D - a wand of disintegration (15/24)
Scrolls
 e - 2 scrolls of blinking
 i - 2 scrolls of remove curse
 o - 2 scrolls of identify
 p - a scroll of fog
 s - a scroll of enchant weapon
Potions
 a - 3 potions of lignification {unknown}
 h - 4 potions of curing
 k - 3 potions of haste
 m - a potion of ambrosia
 r - 3 potions of brilliance
 v - a potion of might {unknown}
 z - 2 potions of cure mutation {unknown}
 C - a potion of degeneration {unknown}
 E - a potion of flight {unknown}
Books
 b - a book of Conjurations

   Spells                             Type                      Level
   a - Magic Dart                     Conjuration                  1
   b - Searing Ray                    Conjuration                  2
   c - Dazzling Spray                 Conjuration/Hexes            3
   d - Fulminant Prism                Conjuration/Hexes            4
   e - Iskenderun's Mystic Blast      Conjuration                  4
   f - Iskenderun's Battlesphere      Conjuration/Charms           5
 n - a book of Necromancy

   Spells                             Type                      Level
   a - Pain                           Necromancy                   1
   b - Animate Skeleton               Necromancy                   1
   c - Vampiric Draining              Necromancy                   3
   d - Regeneration                   Charms/Necromancy            3
   e - Animate Dead                   Necromancy                   4
   f - Control Undead                 Necromancy                   4
Comestibles
 c - 4 bread rations
 g - 2 beef jerkies
 l - 4 meat rations
 A - 2 slices of pizza
 B - a royal jelly


   Skills:
 - Level 4.2 Dodging
 - Level 2.4 Stealth
 + Level 8.3 Spellcasting
 + Level 9.4 Conjurations
 * Level 6.3 Charms


You had 11 spell levels left.
You knew the following spells:

 Your Spells              Type           Power        Failure   Level  Hunger
a - Magic Dart            Conj           ####         1%          1    None
b - Searing Ray           Conj           ######       1%          2    None
c - Iskenderun's Battles  Conj/Chrm      #####...     14%         5    #####..
d - Iskenderun's Mystic   Conj           ######..     1%          4    ##.....


Dungeon Overview and Level Annotations

Branches:
Dungeon (7/15)             Temple (1/1) D:5

Altars:
Ashenzari
Cheibriados
Dithmenos
Elyvilon
Fedhas
Gozag
Hepliaklqana
Kikubaaqudgha
Makhleb
Nemelex Xobeh
Okawaru
Qazlal
Ru
Sif Muna
Trog
Uskayaw
Vehumet
Xom
Yredelemnul
Zin
The Shining One

Annotations:
D:7 Joseph


Message History

Confirm with . or Enter, or press ? or * to list all spells.
Aiming: Magic Dart
Press: ? - help, Shift-Dir - straight line, f/p - Joseph
Aim: Joseph, wielding a hunting sling and wearing a ring mail (heavily wounded)
The magic dart hits Joseph.
Joseph is heavily wounded.
Joseph shoots a sling bullet.
The sling bullet hits you.
* * * LOW HITPOINT WARNING * * *
Casting: Magic Dart
Confirm with . or Enter, or press ? or * to list all spells.
Aiming: Searing Ray
Press: ? - help, Shift-Dir - straight line, f/p - Joseph
Aim: Joseph, wielding a hunting sling and wearing a ring mail (heavily wounded)
Okay, then.
Joseph shoots a sling bullet.
The sling bullet closely misses you.
There is a stone staircase leading up, spattered with blood here.
Things that are here:
2 sling bullets; 3 scrolls of noise Joseph shoots a sling bullet.
The sling bullet hits you!
You die...

.. .# .# .###
#.## ...
#....#####.######
....(...(........
####(..(@(.@..$.#
.......#.......$#
.......#........#
.......#........#
.......#........#
.......###.######
)/..... .. ...


You could see Joseph.

Vanquished Creatures
  Pikel (D:4)
  An ice beast (D:6)
  2 ogres
  2 slaves
  2 phantoms (D:6)
  A scorpion (D:6)
  A centaur zombie (D:6)
  A crimson imp (D:5)
  2 orc priests (D:6)
  A jelly (D:6)
  2 iguanas
  Natasha (twice) (D:3)
  3 orc wizards
  5 worker ants
  A worker ant zombie (D:6)
  4 gnolls (D:3)
  4 adders
  A shadow imp (D:5)
  An ooze (D:3)
  An adder skeleton (D:4)
  A worm (D:5)
  5 dart slugs
  5 leopard geckos
  14 orcs
  4 giant cockroaches
  13 goblins
  7 hobgoblins
  10 jackals
  12 kobolds
  2 quokkas
  2 ball pythons (D:3)
  10 bats
  3 frilled lizards
  A jackal zombie (D:4)
  A leopard gecko skeleton (D:4)
  10 rats
138 creatures vanquished.

Vanquished Creatures (others)
  An iguana (D:4)
  Robin (D:4)
  2 goblins (D:4)
4 creatures vanquished.

Grand Total: 142 creatures vanquished

Notes
Turn   | Place    | Note
-------+----------+-------------------------------------------
     0 | D:1      | Nakatomy the Deep Elf Conjurer began the quest for the Orb.
     0 | D:1      | Reached XP level 1. HP: 10/10 MP: 6/6
   303 | D:1      | Reached XP level 2. HP: 15/15 MP: 6/8
   523 | D:1      | Learned a level 2 spell: Searing Ray
  1167 | D:1      | Reached XP level 3. HP: 19/19 MP: 5/10
  1550 | D:2      | Reached skill level 5 in Conjurations
  2597 | D:3      | Reached XP level 4. HP: 24/24 MP: 8/12
  2977 | D:3      | Found a sacrificial altar of Ru.
  3629 | D:3      | Noticed Natasha
  3631 | D:3      | Killed Natasha
  3631 | D:3      | Reached XP level 5. HP: 28/28 MP: 10/13
  3832 | D:3      | Learned a level 4 spell: Iskenderun's Mystic Blast
  3865 | D:3      | Noticed Natasha
  3869 | D:3      | Killed Natasha
  4097 | D:3      | Found a faded altar of an unknown god.
  4202 | D:4      | Noticed a slave
  4208 | D:3      | Killed a slave
  4308 | D:4      | Reached skill level 6 in Conjurations
  4489 | D:4      | Reached skill level 5 in Spellcasting
  4817 | D:4      | Reached XP level 6. HP: 32/32 MP: 9/15
  4885 | D:4      | Noticed Robin
  5350 | D:4      | Noticed a slave
  5353 | D:4      | Noticed a slave
  5358 | D:4      | Killed a slave
  5407 | D:4      | Noticed Pikel
  5408 | D:4      | Noticed a slave
  5457 | D:4      | Killed Pikel
  5457 | D:4      | Reached skill level 8 in Conjurations
  5457 | D:4      | Reached XP level 7. HP: 9/36 MP: 1/19
  5892 | D:4      | Killed Robin
  6073 | D:5      | Entered Level 5 of the Dungeon
  6616 | D:5      | Learned a level 5 spell: Iskenderun's Battlesphere
  6629 | D:5      | Reached skill level 1 in Charms
  6629 | D:5      | Reached XP level 8. HP: 41/41 MP: 14/21
  6843 | D:5      | Found a staircase to the Ecumenical Temple.
  6868 | Temple   | Entered the Ecumenical Temple
  7130 | Temple   | Became a worshipper of Vehumet
  7404 | D:6      | Reached skill level 9 in Conjurations
  7781 | D:6      | Reached skill level 5 in Charms
  8416 | D:7      | Noticed Joseph
  8441 | D:7      | Shot with a sling bullet by Joseph

Skill      XL: |  1  2  3  4  5  6  7  8 |
---------------+-------------------------+-----
Dodging        | 3 4 |  4.2
Conjurations   | 5 6 8 9 |  9.4
Spellcasting   | 4 5 6 7 8 |  8.3
Charms         | 1 6 |  6.3
Stealth        | |  2.4

Action                   |  1- 3 |  4- 6 |  7- 9 || total
-------------------------+-------+-------+-------++-------
Melee: Unarmed           |     2 |       |       ||     2
       Short sword       |       |     3 |       ||     3
 Cast: Magic Dart        |    72 |    90 |    71 ||   233
       Searing Ray       |    10 |    21 |    27 ||    58
  Use: Scroll            |       |     4 |     6 ||    10
  Eat: Chunk             |     5 |     9 |     8 ||    22
Armor: Robe              |    11 |    10 |     2 ||    23
Dodge: Dodged            |    38 |    20 |     7 ||    65
Block: Buckler           |       |     5 |     3 ||     8
